 Dungeon Crawl Stone Soup version 0.28-a0-29-g0adfcbb (webtiles) character file.

Game seed: 9515231755934572197

100 HDogLeCool the Chopper (level 4, -4/40 HPs)
             Began as a Draconian Monk on July 27, 2021.
             Was an Elder of Jiyva.
             Killed by divine providence
             ... invoked by an orc priest
              (13 damage)
             ... on level 3 of the Dungeon.
             The game lasted 00:06:24 (2841 turns).

HDogLeCool the Chopper (Draconian Monk)             Turns: 2841, Time: 00:06:25

Health: -4/40      AC:  7    Str: 13    XL:     4   Next: 46%
Magic:  4/4        EV: 13    Int: 11    God:    Jiyva [****..]
Gold:   105        SH:  0    Dex: 14    Spells: 3/3 levels left

rFire   . . .      SeeInvis .   a - +0 hand axe
rCold   . . .      Faith    .   (no shield)
rNeg    . . .      Spirit   .   (armour unavailable)
rPois   .          Reflect  .   (helmet restricted)
rElec   .          Harm     .   h - +0 cloak
rCorr   +          Rampage  .   f - +0 pair of gloves
Will    .....                   (no boots)
Stlth   ++........              (no amulet)
HPRegen 0.13/turn               (no ring)
MPRegen 0.09/turn               (no ring)

@: no status effects
A: AC +5, unfitting armour, cold-blooded
a: Renounce Religion, Request Jelly, Slimify


You were on level 3 of the Dungeon.
You worshipped Jiyva.
Jiyva was greatly pleased with you.
You visited 1 branch of the dungeon, and saw 4 of its levels.

You collected 105 gold pieces.

Inventory:

Hand Weapons
 a - a +0 hand axe (weapon)
Armour
 f - a +0 pair of gloves (worn)
 h - a +0 cloak (worn)
Scrolls
 b - 2 scrolls of identify {unknown}
 c - a scroll of holy word {unknown}
 d - a scroll of enchant armour {unknown}
 i - 2 scrolls of teleportation {unknown}
Potions
 e - a potion of heal wounds {unknown}
 g - a potion of degeneration {unknown}


   Skills:
 + Level 4.0 Fighting
 * Level 4.3 Axes
 + Level 3.3 Dodging
 - Level 1.7 Stealth


You had 3 spell levels left.
You didn't know any spells.
Your spell library contained the following spells:

 Spells                   Type           Power      Damage    Failure   Level
 Call Canine Familiar     Summ           0%         N/A       71%         3
 Portal Projectile        Hex/Tloc       0%         N/A       71%         3
 Leda's Liquefaction      Hex/Erth       0%         N/A       98%         4


Dungeon Overview and Level Annotations

Branches:
Dungeon (4/15)
 Temple: D:4-7

Altars:
Gozag
Yredelemnul
Jiyva


Innate Abilities, Weirdness & Mutations

Your plain brown scales are hard. (AC +5)
You cannot fit into any form of body armour.
You are cold-blooded and may be slowed by cold attacks.


Message History

You kill the kobold!
A gnoll comes into view. It is wielding a +0 spear.
The gnoll barely misses you.
The orc priest invokes the aid of Beogh against you.
You barely resist.
There is a stone staircase leading up here.
A gnoll, a gnoll shaman and a skeleton come into view.
The gnoll is wielding a +2 flail of protection.
The gnoll barely misses you.
You hit the gnoll.
The gnoll is moderately wounded.
The gnoll closely misses you. The gnoll closely misses you.
There is a stone staircase leading up here.
The gnoll hits you from afar with a +0 spear.
The orc priest mumbles some strange prayers to Beogh against you.
Pain shoots through your body!
You climb upwards.
There is a stone staircase leading down here.
You hit the orc priest.
The orc priest is heavily wounded.
The orc priest hits you with a +2 vorpal falchion.
You closely miss the orc priest.
The orc priest is heavily wounded.
The orc priest hits you but does no damage.
You hit the orc priest but do no damage.
The orc priest is heavily wounded.
The orc priest hits you with a +2 vorpal falchion.
You are too injured to fight recklessly!
You are too injured to fight recklessly!
You are too injured to fight recklessly!
The orc priest hits you with a +2 vorpal falchion.
You hit the orc priest.
The orc priest is almost dead.
The orc priest hits you with a +2 vorpal falchion.
* * * LOW HITPOINT WARNING * * *
x2 The orc priest casts a cantrip, but nothing happens.
The orc priest invokes the aid of Beogh against you.
Beogh smites you!
You die...

..# #.#........J######
#.#)##. ..#
#.#..J##.##.# #.#..#.
..# #...J...J##.#
#.##.#. .##
#.......###.# #...... .#
#....J......#
#########.## .#
#.......###.#
#.........# .# ###...#.#
#.# #.######### ####
#>......###.####.#
...####.#....o..@......#
..............##########
....##......#.#
..#.##..##..#.#
..#.##........#
..#.##..#.#.#.#
....##<.......#
...###.......## ...#
##.#.##.#


You could see an orc priest.

Vanquished Creatures
  An iguana (D:3)
  An adder (D:2)
  A worm (D:2)
  5 orcs (D:3)
  3 bats
  3 giant cockroaches
  4 goblins
  7 hobgoblins
  5 jackals
  9 kobolds
  3 quokkas (D:1)
  7 ball pythons
  A frilled lizard (D:1)
  2 rats
  A spectral orc (D:3)
53 creatures vanquished.

Vanquished Creatures (others)
  A worm (D:3)
  A dart slug (D:2)
  2 orcs (D:3)
  A giant cockroach (D:2)
  A hobgoblin (D:3)
  3 jackals (D:3)
  2 kobolds
  A quokka (D:3)
  A bat (D:3)
13 creatures vanquished.

Grand Total: 66 creatures vanquished

Notes
Turn   | Place    | Note
-------+----------+-------------------------------------------
     0 | D:1      | HDogLeCool the Draconian Monk began the quest for the Orb.
     0 | D:1      | Reached XP level 1. HP: 19/19 MP: 1/1
   262 | D:1      | Reached XP level 2. HP: 26/26 MP: 2/2
   743 | D:1      | Found a faded altar of an unknown god.
   788 | D:1      | Became a worshipper of Jiyva Jehiym the Shapeless
   788 | D:1      | Reached * piety under Jiyva
   788 | D:1      | Reached ** piety under Jiyva
   876 | D:1      | Reached *** piety under Jiyva
   931 | D:2      | Reached XP level 3. HP: 23/33 MP: 3/3
  1139 | D:2      | Gained mutation: Your magical capacity is low. (-10% MP)
                  | [Jiyva's grace]
  1945 | D:3      | Found an opulent altar of Gozag.
  1959 | D:3      | Reached **** piety under Jiyva
  2058 | D:3      | Lost mutation: Your magical capacity is low. (-10% MP)
                  | [Jiyva's grace]
  2144 | D:3      | Reached XP level 4. HP: 40/40 MP: 4/4
  2198 | D:3      | Found a basalt altar of Yredelemnul.
  2841 | D:3      | Killed from afar by an orc priest

Illustrated notes

Levels and vault maps discovered:
D:1:      dpeg_arrival_windows_large_door, layout_rooms,
          ebering_ecumenical_altar_hall, minmay_misc_feat_rows,
          kennysheep_flooded_box
D:2:      layout_basic
D:3:      layout_loops_cross, lemuel_doored_altar,
          yredelemnul_forgotten_temple_becter
D:4:      layout_rooms, nicolae_ru_path_of_blood, glass_columns_b,
          skrybe_limestone_x, kennysheep_another_room, uniq_natasha

Skill      XL: |  1  2  3  4 |
---------------+-------------+-----
Dodging        | 3 |  3.3
Axes           | 4 |  4.3
Fighting       | 4 |  4.0
Stealth        | |  1.7

Action                   |  1- 3 |  4- 6 || total
-------------------------+-------+-------++-------
Melee: Hand axe          |   131 |    30 ||   161
       Tailslap          |    19 |     3 ||    22
 Stab: Sleeping          |     6 |       ||     6
Armor: Skin              |    37 |     9 ||    46
Dodge: Dodged            |    85 |    16 ||   101

Table legend: (Time is in decaauts)
 A = Elapsed time spent in this place.
 B = Non-inter-level travel time spent in this place.
 C = Inter-level travel time spent in this place.
 D = Time resting spent in this place.
 E = Time spent auto-exploring this place.
 F = Levels seen in this place.
 G = Mean time per level.
                   A        B        C        D        E       F      G
               +--------+--------+--------+--------+--------+-----+--------+
         Total |   2859 |   2683 |    176 |    556 |   1653 |   4 |  714.8 |
       Dungeon |   2859 |   2683 |    176 |    556 |   1653 |   4 |  714.8 |
               +--------+--------+--------+--------+--------+-----+--------+

Top non-repeatable levels by time:
     D:3: 1161 daAuts
     D:1: 931 daAuts
     D:2: 718 daAuts
     D:4: 48 daAuts
